 Dungeon Crawl Stone Soup version 0.30-a0-618-gd6c86c23d0 (webtiles) character file.

Game seed: 16845750256040332761

11561 testman the Green Death (level 12, 0/100 HPs)
             Began as a Formicid Fighter on Jan 9, 2023.
             Was a High Priest of Fedhas.
             Shot with an arrow by a centaur warrior (2 damage)
             ... on level 11 of the Dungeon.
             The game lasted 00:40:34 (12148 turns).

testman the Green Death (Formicid Fighter)         Turns: 12148, Time: 00:40:35

Health: 0/100      AC: 21    Str: 24      XL:     12   Next: 9%
Magic:  0/29       EV:  7    Int: 10      God:    Fedhas [*****.]
Gold:   440        SH:  0    Dex: 10 (11) Spells: 11/11 levels left

rFire   . . .      SeeInvis +    z - +0 giant spiked club
rCold   . . .      Faith    .    (shield currently unavailable)
rNeg    . . .      Spirit   +    D - +0 plate armour
rPois   .          Reflect  .    (helmet unavailable)
rElec   .          Harm     .    e - +1 cloak {Will+}
rCorr   .          Rampage  .    y - +2 pair of gloves
Will    ++...                    C - +0 pair of boots Stlth
                                 j - amulet of guardian spirit
HPRegen 0.36/turn                p - ring of magical power
MPRegen 0.21/turn                (no ring)

@: studying Ranged Weapons, invisible
A: permanent stasis, dig shafts and tunnels, antennae 3, four strong arms,
clumsy 1
a: Dig, Shaft Self, Renounce Religion, Wall of Briars, Grow Ballistomycete,
Overgrow, Grow Oklob


You were on level 11 of the Dungeon.
You worshipped Fedhas.
Fedhas was extremely pleased with you.
You visited 1 branch of the dungeon, and saw 11 of its levels.
You also visited: Ossuary.

You collected 597 gold pieces.
You spent 157 gold pieces at shops.

Inventory:

Hand Weapons
 z - a +0 giant spiked club (weapon)
Missiles
 b - 9 poisoned darts
 c - 2 curare-tipped darts
 w - 8 boomerangs (quivered)
 G - 7 silver boomerangs
 I - 6 javelins
 O - 3 throwing nets
Armour
 e - a +1 cloak of willpower (worn)
 y - a +2 pair of gloves (worn)
 C - a +0 pair of boots (worn)
 D - a +0 plate armour (worn)
Jewellery
 j - an amulet of guardian spirit (around neck)
 p - a ring of magical power (left hand)
Wands
 n - a wand of acid (2)
 o - a wand of roots (7)
 r - a wand of flame (4)
Scrolls
 h - a scroll of magic mapping
 m - 3 scrolls of immolation
 q - a scroll of poison {unknown}
 s - 2 scrolls of amnesia
 u - a scroll of torment
 E - a scroll of silence
 F - a scroll of vulnerability
 H - 2 scrolls of blinking {unknown}
 J - a scroll of fog {unknown}
 K - a scroll of butterflies {unknown}
Potions
 a - 5 potions of haste
 d - 2 potions of might
 f - a potion of berserk rage {unknown}
 g - 2 potions of brilliance
 i - 7 potions of curing
 k - 5 potions of mutation
 l - a potion of heal wounds
 t - a potion of invisibility
 x - 2 potions of resistance
 A - 2 potions of lignification {unknown}
 B - 2 potions of ambrosia {unknown}
 L - a potion of magic {unknown}
 M - a potion of attraction {unknown}
 N - a potion of experience {unknown}


   Skills:
 + Level 11.1 Fighting
 + Level 9.9 Maces & Flails
 + Level 9.6 Armour
 - Level 4.0 Shields
 + Level 11.2 Invocations


You had 11 spell levels left.
You didn't know any spells.
Your spell library contained the following spells:

 Spells                   Type           Power      Damage    Failure   Level
 Dazzling Flash           Conj/Hex       0%         N/A       100%        3
 Iskenderun's Mystic Bla  Conj/Tloc      0%         2d3       100%        4
 Agony                    Necr           0%         N/A       100%        5
 Silence                  Hex/Air        0%         N/A       100%        5
 Starburst                Conj/Fire      0%         6d3       100%        6


Dungeon Overview and Level Annotations

Branches:
Dungeon (11/15)            Temple (0/1) D:4            Lair (0/5) D:11
    Orc (0/2) D:9         Ossuary (visited)

Altars:
Ashenzari
Fedhas
Gozag
Kikubaaqudgha
Vehumet
The Shining One

Shops:
D:1 [   D:8 :   D:10 [

Annotations:
D:10 2 transporters, BlueFish's ghost, journeyman MiFi


Innate Abilities, Weirdness & Mutations

You cannot be hasted, slowed, berserked, paralysed or teleported.
You can dig through walls and to a lower floor.
You have a pair of large antennae on your head. (SInv)
Your four strong arms can wield two-handed weapons with a shield.
You are clumsy. (Dex -2)


Message History

The centaur warrior wields a +0 shortbow.
The centaur warrior shoots an arrow.
The arrow hits the kobold demonologist!
The kobold demonologist hits you but does no damage.
You writhe in agony.
* * * LOW HITPOINT WARNING * * *
You closely miss the kobold demonologist.
The kobold demonologist is moderately wounded.
The cyclops shouts!
The centaur warrior shoots an arrow.
The arrow barely misses the kobold demonologist.
The arrow hits you.
* * * LOW HITPOINT WARNING * * *
The kobold demonologist mumbles some strange words.
The centaur warrior shoots an arrow.
The arrow hits the kobold demonologist!
The kobold demonologist barely misses you.
You catch the helpless kobold demonologist completely off-guard!
You bludgeon the kobold demonologist!!
You kill the kobold demonologist!
Fedhas appreciates your contribution to the ecosystem.
The white imp disappears in a puff of smoke!
The centaur warrior shoots an arrow.
The arrow hits the black mamba!!
The black mamba bites you!
* * * LOW HITPOINT WARNING * * *
You are lethally poisoned!
The black mamba poisons you!
The centaur warrior shoots an arrow.
The arrow hits the black mamba!
The black mamba dies!
The black mamba's shape twists and changes as it dies.
You feel better.
The cyclops shouts!
The centaur warrior shoots an arrow.
The arrow hits you!
* * * LOW HITPOINT WARNING * * *
A slime creature comes into view.
The centaur warrior shoots an arrow.
The arrow hits you.
* * * LOW HITPOINT WARNING * * *
The centaur warrior shoots an arrow.
The arrow hits you!
* * * LOW HITPOINT WARNING * * *
The centaur warrior shoots an arrow.
The arrow hits you.
You die...
Fedhas appreciates your contribution to the ecosystem.

#.#.)# .# #.#.)# #'##
.##)## #C.# .##..#
#{.# ###..######## {
#e.#
##+###..#........
#.C##.c.##.##.#######
#{#†.#..#.##.# {
#{c###@'.##.#
#{#..#..#.##.#
#$5##...##.##.# #..#
##+###..#.. #..#
##..#. #..# #.. +##
#.. ..#


You could see a centaur warrior (unable to see you).

Vanquished Creatures
  A hydra (D:9)
  A two-headed ogre (D:10)
  2 manticores (D:11)
  Maggie (D:9)
  2 unseen horrors
  2 kobold demonologists (D:11)
  A tengu conjurer (D:11)
  A komodo dragon (D:8)
  4 trolls
  4 wraiths
  2 wyverns
  10 yaks
  2 steam dragons (D:9)
  An acid dragon (D:10)
  2 water moccasins
  2 ice beasts (D:7)
  3 orc warriors
  2 black bears
  2 ogres
  3 centaurs
  3 kobold brigands (D:9)
  2 phantoms
  4 bullfrogs
  A necrophage (D:5)
  7 gnoll sergeants (D:9)
  3 scorpions
  9 wights
  2 killer bees (D:8)
  2 howler monkeys (D:10)
  3 jellies
  A gnoll bouda (D:7)
  3 orc priests
  3 hounds
  Jessica (D:2)
  An iguana (D:4)
  7 orc wizards
  A mummy (D:6)
  29 gnolls
  6 adders
  4 shadow imps
  A white imp (D:7)
  An ufetubus (D:5)
  An adder zombie (Ossuary)
  4 worms
  5 dart slugs
  35 orcs
  7 endoplasms
  3 giant cockroaches
  8 hobgoblins
  6 jackals
  5 kobolds
  3 quokkas
  13 ball pythons
  4 bats
  4 frilled lizards
  7 goblins
  A goblin zombie (D:6)
  2 hobgoblin zombies (Ossuary)
  2 kobold zombies (Ossuary)
  An orc skeleton (Ossuary)
  3 orc zombies
  7 rats
263 creatures vanquished.

Vanquished Creatures (collateral kills)
  4 killer bees (D:8)
  A gnoll (D:4)
  A goblin (D:4)
  5 ballistomycete spores
11 creatures vanquished.

Vanquished Creatures (others)
  A black mamba (shapeshifter) (D:11)
  2 plants (D:1)
3 creatures vanquished.

Grand Total: 277 creatures vanquished

Notes
Turn   | Place    | Note
-------+----------+-------------------------------------------
     0 | D:1      | testman the Formicid Fighter began the quest for the Orb.
     0 | D:1      | Reached XP level 1. HP: 18/18 MP: 1/1
    52 | D:1      | Reached XP level 2. HP: 24/24 MP: 2/2
   367 | D:1      | Found a faded altar of an unknown god.
   376 | D:1      | Prayed at the altar of an unknown god.
   376 | D:1      | Became a worshipper of Fedhas Madash
   376 | D:1      | Reached * piety under Fedhas
   430 | D:1      | Reached XP level 3. HP: 30/30 MP: 3/3
   801 | D:1      | Found Isae's Antique Armour Boutique.
   934 | D:2      | Reached skill level 1 in Invocations
   974 | D:2      | Reached ** piety under Fedhas
  1024 | D:2      | Reached XP level 4. HP: 27/37 MP: 3/5
  1240 | D:2      | Identified the +7 whip of the Jumping Gods {speed, Contam
                  | rElec rCorr}
  1337 | D:2      | Noticed Jessica
  1347 | D:2      | Killed Jessica
  1348 | D:2      | Reached XP level 5. HP: 30/43 MP: 4/6
  2457 | D:4      | Noticed a phantom
  2475 | D:4      | Killed a phantom
  2476 | D:4      | Reached skill level 5 in Fighting
  2476 | D:4      | Reached XP level 6. HP: 48/51 MP: 8/8
  2520 | D:4      | Reached *** piety under Fedhas
  2538 | D:4      | Found a glowing golden altar of the Shining One.
  2739 | D:4      | Noticed an ogre
  2749 | D:4      | Killed an ogre
  2750 | D:4      | Reached XP level 7. HP: 46/56 MP: 10/10
  2780 | D:4      | Gained mutation: You are clumsy. (Dex -2) [mutagenic glow]
  2805 | D:4      | Identified the +1 spear "Nasi" {flame, rElec rPois SInv}
  2825 | D:4      | HP: 2/56 [poisoned by a scorpion]
  3050 | D:3      | HP: 1/56 [poisoned by a scorpion]
  3387 | D:4      | Found a staircase to the Ecumenical Temple.
  3659 | D:4      | You fall into a shaft and drop 1 floor!
  3659 | D:5      | Entered Level 5 of the Dungeon
  3677 | D:5      | Reached skill level 5 in Maces & Flails
  3787 | D:5      | Reached skill level 5 in Invocations
  3787 | D:5      | Reached XP level 8. HP: 56/64 MP: 11/11
  5189 | D:6      | Found a sand-covered staircase.
  5196 | Ossuary  | Entered an ossuary
  5255 | Ossuary  | Reached **** piety under Fedhas
  5303 | Ossuary  | Noticed a flying skull
  5303 | Ossuary  | Noticed a wraith
  5310 | Ossuary  | Noticed a flying skull
  5314 | Ossuary  | Noticed a wraith
  5324 | Ossuary  | Killed a wraith
  5389 | Ossuary  | Noticed a flying skull
  5410 | Ossuary  | Noticed a flying skull
  5430 | Ossuary  | Noticed a wraith
  5434 | Ossuary  | Killed a wraith
  5435 | Ossuary  | Reached XP level 9. HP: 68/72 MP: 13/13
  5536 | D:6      | Reached skill level 5 in Armour
  6677 | D:7      | Reached ***** piety under Fedhas
  6841 | D:7      | Noticed an unseen horror
  6853 | D:7      | Killed an unseen horror
  6854 | D:7      | Reached XP level 10. HP: 69/82 MP: 16/16
  7037 | D:7      | Found a broken altar of Ashenzari.
  7769 | D:8      | Found Mownae's Book Boutique.
  8801 | D:9      | Found an opulent altar of Gozag.
  8830 | D:9      | Noticed Maggie
  8849 | D:9      | Killed Maggie
  9016 | D:9      | Found a radiant altar of Vehumet.
  9224 | D:9      | Reached XP level 11. HP: 88/90 MP: 18/18
  9591 | D:9      | Reached skill level 10 in Fighting
  9729 | D:9      | Reached skill level 10 in Invocations
 10059 | D:9      | Found a staircase to the Orcish Mines.
 10313 | D:10     | Entered Level 10 of the Dungeon
 10328 | D:10     | Noticed a two-headed ogre
 10338 | D:10     | Killed a two-headed ogre
 10341 | D:10     | Noticed a four-headed hydra
 10729 | D:9      | Killed a four-headed hydra
 11069 | D:10     | Found an ancient bone altar of Kikubaaqudgha.
 11162 | D:10     | Found a transporter.
 11166 | D:10     | Noticed BlueFish's ghost (journeyman MiFi)
 11167 | D:10     | Found a transporter.
 11168 | D:10     | Noticed a moth of wrath
 11226 | D:10     | Found the +1 robe of Vines {NoPotionHeal Regen++++}
 11332 | D:10     | Found Viepokuf's Antique Armour Shoppe.
 11342 | D:10     | Bought a runed cloak for 157 gold pieces
 11566 | D:10     | Noticed a six-headed hydra
 11644 | D:11     | Found a staircase to the Lair.
 11959 | D:11     | Noticed a manticore
 11976 | D:11     | Killed a manticore
 11977 | D:11     | Reached XP level 12. HP: 54/99 MP: 7/20
 12133 | D:11     | Noticed a centaur warrior
 12146 | D:11     | HP: 1/100 [centaur warrior/arrow (9)]
 12148 | D:11     | Shot with an arrow by a centaur warrior

Illustrated notes

Levels and vault maps discovered:
D:1:      dpeg_arrival_rhombi, layout_loops_ring,
          hellmonk_ecumenical_altar_run_dry, serial_shops,
          nicolae_lakefront_shop, serial_forest, infiniplex_forest_clump_C,
          infiniplex_forest_lined_4_way, infiniplex_forest_pool,
          infiniplex_forest_lined_3, infiniplex_forest_lined_3,
          infiniplex_forest_lined_room_2, infiniplex_forest_end_2
D:2:      layout_rooms, uniq_jessica
D:3:      layout_basic, serial_co_window_serial, co_window_corner_a,
          co_window_of_opportunity_a, co_window_corner_a, co_window_paths_a,
          co_window_paths_a, co_window_corner_ca, co_window_broadway_b,
          co_window_broadway_c, co_window_paths_c, co_window_unsneaky_path_b,
          co_window_4corner_b, glass_columns_c
D:4:      layout_cave_pods, minmay_temple_entry_sparse_star,
          minmay_ruined_shrine
D:5:      layout_basic
D:6:      layout_rooms, nicolae_ossuary_entry_giza
D:7:      layout_basic, ashenzari_altar_1
D:8:      layout_cave_pods, serial_shops, nicolae_diamond_shop
D:9:      layout_gridville, nicolae_overflow_hidden_temple, lemuel_round_altar,
          kennysheep_orc_monster_closet_entryway, uniq_maggie
D:10:     layout_cave_pools, marbit_many_paths, serial_shops,
          nicolae_shop_stone, gammafunk_ghost_berserking_beasts,
          hellmonk_guarded_unrand_vines
D:11:     minmay_the_grid_octo_tiled_octocenter [minmay_the_grid_octo_77,
          minmay_the_grid_octo_checkered, minmay_the_grid_octo_fan_narrow,
          minmay_the_grid_octo_fat_diamond, minmay_the_grid_octo_prize_star,
          minmay_the_grid_square_5x5_inner_z,
          minmay_the_grid_square_5x5_shrine2,
          minmay_the_grid_square_5x5_tetrominoes,
          minmay_the_grid_square_5x5_minibox], layout_basic, minivault_19

Skill      XL: |  1  2  3  4  5  6  7  8  9 10 11 12 |
---------------+-------------------------------------+-----
Fighting       | 4 5 6 7 8 9 10 11 | 11.1
Invocations    | 1 2 3 4 5 6 8 9 11 | 11.2
Maces & Flails | 3 4 5 6 7 8 9 |  9.9
Armour         | 4 6 7 9 |  9.6
Shields        | |  4.0

Action                   |  1- 3 |  4- 6 |  7- 9 | 10-12 || total
-------------------------+-------+-------+-------+-------++-------
Melee: Flail             |   122 |    22 |       |       ||   144
       Whip              |       |   106 |       |       ||   106
       Giant spiked club |       |       |   333 |   377 ||   710
Invok: Wall of Briars    |       |       |     2 |     4 ||     6
       Grow Ballistomyce |       |       |       |     3 ||     3
 Abil: Dig               |       |       |     2 |     2 ||     4
  Use: Potion            |       |       |     2 |     6 ||     8
       Scroll            |       |       |    12 |     7 ||    19
 Stab: Invisible         |       |       |       |     2 ||     2
       Confused          |       |       |       |     1 ||     1
Armor: Scale mail        |    66 |    26 |    88 |       ||   180
       Plate armour      |       |       |   189 |   517 ||   706
Dodge: Dodged            |    68 |    35 |   209 |   275 ||   587
Block: Buckler           |    35 |    16 |       |       ||    51

Table legend: (Time is in decaauts)
 A = Elapsed time spent in this place.
 B = Non-inter-level travel time spent in this place.
 C = Inter-level travel time spent in this place.
 D = Time resting spent in this place.
 E = Time spent auto-exploring this place.
 F = Levels seen in this place.
 G = Mean time per level.
                   A        B        C        D        E       F      G
               +--------+--------+--------+--------+--------+-----+--------+
         Total |  12469 |  11771 |    698 |   1395 |   7823 |  12 | 1039.1 |
       Dungeon |  12129 |  11431 |    698 |   1369 |   7700 |  11 | 1102.6 |
       Ossuary |    340 |    340 |      0 |     26 |    123 |   1 |  340.0 |
               +--------+--------+--------+--------+--------+-----+--------+

Top non-repeatable levels by time:
     D:9: 2062 daAuts
     D:3: 1371 daAuts
     D:8: 1350 daAuts
     D:4: 1327 daAuts
     D:7: 1229 daAuts
     D:5: 1129 daAuts
     D:1: 934 daAuts
     D:6: 815 daAuts
    D:10: 748 daAuts
     D:2: 638 daAuts
    D:11: 523 daAuts
 Ossuary: 340 daAuts
